← All builds
Beach sea / Cortex / Economy first / OBSERVED BUILD

Standard beach sea

Cortex Beach sea build order · Supreme Isthmus

The role's usual play: com goes to sea to build a shipyard around 2 minutes, pumping frigates and destroyers to contest enemy sea entry or hold vision, with an advanced metal extractor around 10 minutes as the transition into the team's…

Usually shipyard first (93%)

#naval #eco · 1584 distinct matches · 206 players · 84% of Cortex Beach sea games · team won 55% of 1788 · Recently observed

HOW TO PLAY IT

Key timing: Shipyard by 1:56

  1. Open 3 mex, then send com to sea to build Shipyard by 1:56.
  2. Add tidal generators, wind and more mex to fund the shipyard.
  3. Pump Riptide first, then Oppressor to contest enemy sea entry.
  4. Get T2 constructor out to start scaling the naval economy.
  5. Transition into Advanced Metal Extractor as the economy phase begins.

Phase by phase

TYPICAL OF ITS 1584 GAMES
  1. 1
  2. 2
  3. 3
PLAY THE OPENING

Follow the example game's first 6:00 step by step: what to build now, what comes next, and where it goes. At 1× it keeps pace with your own game.

  1. 1

    Up to the Shipyard

    Economy
    • Metal Extractor3Mex
    • Wind Turbine3Windfor allies
    • Wind Turbine2Wind
    • Energy Storage1Energy storage
    Order
    1. ShipyardShipyard after 3 mex, 2 wind, 1 energy storagedone ~1:56, middle half 1:43–2:07

    Some games also: Guard (30%)

    By 1:39 in all: 3 mex · 2 wind · 1 energy storage

    The example game in this phase · 12 steps
    1. Mex ×3
    2. Wind ×2for Air
    3. Naval Hovercraft PlatformNaval Hovercraft Platformdone 1:49
    4. Tidal ×2
    5. GoonGoon
    6. Tidal ×2
    7. GoonGoon ×2
    8. Construction HovercraftCon hovercraft
    9. Tidal
    10. Mex
    11. Naval Hovercraft PlatformEat Naval Hovercraft Platformreclaimed for its metal
    12. ShipyardShipyarddone 3:35 · typical 1:56
  2. 2

    Shipyard to 5:00

    Economy
    • Metal Extractor5Mex
    • Tidal Generator2Tidal
    Builders
    • Construction Ship2 Con ship
    Army
    • Riptide2 Frigate
    • Herring1 Missile corvette
    • Oppressor1 Destroyer
    Other
    • Naval Radar / Sonar Tower1 Naval Radar / Sonar Tower

    Some games also: Urchin (46%) · mex (38%) · wind (37%) · submarine (36%) · wind (36%)

    By 5:00 in all: 8 mex · 3 wind · 2 tidal · 1 energy storage

    The example game in this phase · 4 steps
    1. Construction ShipCon ship ×2
    2. HerringMissile corvette ×3
    3. OppressorDestroyerdone 5:01 · typical 5:15
    4. Mex ×3
  3. 3

    5:00 to 10:00

    Economy
    • Metal Extractor1Mex
    • Wind Turbine8Wind
    Builders
    • Construction Ship1 Con ship
    • Death Cavalry1 Death Cavalry
    Army
    • Urchin1 Urchin
    • Riptide5 Frigate
    • Oppressor2 Destroyer
    • Herring2 Missile corvette
    Other
    • Naval Radar / Sonar Tower1 Naval Radar / Sonar Tower

    Some games also: Naval Construction Turret (49%) · Guard (47%) · Radar Tower (39%) · tidal (39%) · wind (34%)

    By 10:00 in all: 9 mex · 10 wind · 4 wind · 4 tidal · 1 energy storage · 1 Naval Construction Turret

    The example game in this phase · 68 steps
    1. SupporterGunboat ×5
    2. Naval Radar / Sonar TowerNaval Radar / Sonar Tower
    3. Wind
    4. SupporterGunboat ×2
    5. Wind
    6. SupporterGunboat ×3
    7. ThistleThistle
    8. SupporterGunboat
    9. Wind
    10. Energy storage
    11. SupporterGunboat ×2
    12. Mex
    13. Naval Energy Converter
    14. SupporterGunboat
    15. Naval Energy Converter
    16. RiptideFrigatedone 7:21 · typical 3:50
    17. Mex
    18. Naval Energy Converter
    19. Naval Radar / Sonar TowerNaval Radar / Sonar Tower
    20. Naval Energy Converter
    21. Wind
    22. RiptideFrigate
    23. Radar TowerRadar Tower
    24. Con turret
    25. GuardGuard
    26. OppressorDestroyer
    27. UrchinUrchin
    28. ThistleThistle
    29. GuardGuard
    30. OppressorDestroyer
    31. Naval Radar / Sonar TowerNaval Radar / Sonar Tower
    32. Wind
    33. Naval Radar / Sonar TowerNaval Radar / Sonar Tower
    34. GuardGuard
    35. Wind
    36. Advanced Metal ExtractorT2 mexdone 10:33 · typical 9:58
    37. OppressorDestroyer
    38. GuardGuard ×2
    39. Mex
    40. Advanced Metal ExtractorT2 mex
    41. GuardGuard ×2
    42. Advanced Metal ExtractorT2 mex
    43. OppressorDestroyer
    44. Tidal ×2
    45. Con turret
    46. RiptideFrigate
    47. Naval Radar / Sonar TowerNaval Radar / Sonar Tower
    48. Wind ×2
    49. RiptideFrigate
    50. Tidal ×2
    51. Wind
    52. Wind
    53. RiptideFrigate
    54. HerringMissile corvette
    55. Tidal ×2
    56. HerringMissile corvette
    57. Wind
    58. OppressorDestroyer
    59. Naval Construction Turret
    60. Advanced Metal ExtractorT2 mex
    61. Wind ×4
    62. Tidal
    63. OppressorDestroyer
    64. Wind ×3
    65. Death CavalryDeath Cavalry
    66. Wind
    67. Death CavalryDeath Cavalry
    68. Wind

Counts are medians over the build's games: half of them build more, half fewer. The example game is Slow_but_sure's (31 OS, 10/10/2026); pick another.

Team trades

IN AT LEAST 30% OF ITS GAMES

You hand over

  • Wind Turbine3 Wind to Airfirst at 1:46 · in 77% of games

You get

  • Finch1 Finch from Airfirst at 2:00 · in 80% of games
  • Lazarus1 Lazarus from Geofirst at 2:13 · in 63% of games
  • Hephaestus1 Heavy transport from Airfirst at 2:16 · in 64% of games
  • Construction Bot1 Con bot from Geofirst at 2:26 · in 70% of games
  • Hercules1 Light transport from Airfirst at 2:34 · in 32% of games
  • Advanced Construction Bot1 T2 con bot from Techfirst at 8:08 · in 89% of games

How it plays out

Typical game of this build, running totals by minute

Metal produced

010k20k30k
0:005:0010:0015:00

metal

Enemy metal destroyed

05k10k
0:005:0010:0015:00

metal

Own metal lost

02.5k5k7.5k
0:005:0010:0015:00

metal

1788 games.

Show as table
ByMetal produced: This buildEnemy metal destroyed: This buildOwn metal lost: This build
1:0040300
2:0093700
3:00155300
4:002540051
5:003717178101
6:005047485280
7:006492974594
8:00807016681001
9:00967726081532
10:001153637112321
11:001368547433104
12:001625058443875
13:001895468744648
14:002167279145686
15:002457688436511
WHAT THE NUMBERS SAY

Standard Beach sea play has the lowest team win rate of these builds and destroys far less enemy metal early than it loses eco time.

  • + Metal produced climbs to 24945 by 15:00, the highest of all six roles.
  • + Riptide and Oppressor together make 63% of army, a focused naval composition.
  • − Enemy metal destroyed is only 200 by 5:00, barely contesting early sea.
  • − T2 factory only reached in 35% of games, behind other roles' T2 timing.
THE EXAMPLE YOU ARE READING

Slow_but_sure

31.3 OS · 10/10/2026

Open source match ↗

7 received units · includes a constructor
382 metal received · 34717 energy received

Allied construction assistance is unknown. Timings are observations, not a promise of solo reproducibility.

Typical milestones

Shipyard1:56Middle 50%: 1:43–2:07 · n=1785
Riptide3:50Middle 50%: 3:12–4:34 · n=1742
Oppressor5:15Middle 50%: 4:29–6:06 · n=1721
Advanced Metal Extractor9:58Middle 50%: 9:17–10:54 · n=1512

Played most by

EpicTyrannus120games of this buildDamsko69games of this buildKbot_my_Ahole67games of this buildWaboum64games of this buildPRO_HYDRA63games of this build